woodfighter, chaotic female human Barbarian ------------ --- --- |..........| . .| ##-.......<..| ----- .- -.| # ---------.-- |+m@| -------.| +.| ### # |+++| |.....|.| |.| # # | |.@.|+-|.._..|.-+-- ----.| ### # |.. --u--..|.....|....-+---....| # # |..........|.....|.............| ### # |........{.---|---.{...........| # # |..............................|### ## |...-+---...........-+---+--...|# ----------|- +.. --------.---- |...|# |..........| |.. +.+ |...-# |..........| |. |.| |...| |..........| |. -.- -...| |..........| | . ....| ------------ --- ------ woodfighter the Bandit Experience level: 6 Strength: 18/02 Dexterity: 15 Constitution: 18 Intelligence: 8 Wisdom: 8 Charisma: 6 Health: 0(56) Energy: 15(15) Def: 9 Gold: 0 Moves: 3120 Dungeon seed: mWngrXWhod8U_353 Game ID: woodfighter_1445180357 Your Inventory: Weapons b - a +0 axe (weapon in hand) D - 10 +0 daggers Armor a - an uncursed +0 pair of iron shoes e - an uncursed +0 ring mail (being worn) z - an uncursed +4 dwarvish cloak (being worn) I - an uncursed +0 dwarvish cloak J - an uncursed +0 pair of iron shoes S - a blessed +1 pair of iron shoes T - an uncursed +0 dwarvish cloak U - an uncursed +0 pair of iron shoes (being worn) Y - a blessed +0 dwarvish cloak Z - an uncursed +0 dwarvish cloak Comestibles c - an uncursed food ration p - an uncursed tripe ration v - an uncursed fortune cookie Scrolls g - an uncursed scroll of light Potions O - a blessed potion of gain level Wands X - a wand of speed monster (0:4) Tools d - an uncursed lock pick f - 3 uncursed tallow candles (0:200) s - an uncursed sack R - an uncursed stethoscope V - a blessed tallow candle (0:200) Gems n - an uncursed worthless piece of violet glass q - an uncursed agate stone r - an uncursed worthless piece of red glass y - an uncursed fluorite stone H - 2 uncursed worthless pieces of yellow glass N - 2 uncursed worthless pieces of white glass W - an uncursed topaz stone Contents of the sack: 353 gold pieces an uncursed scroll of charging an uncursed scroll of confuse monster a cursed scroll of enchant armor a blessed scroll of enchant weapon a cursed scroll of identify a blessed scroll of light an uncursed scroll of light a blessed scroll of punishment an uncursed scroll of scare monster an uncursed scroll of teleportation an uncursed scroll of water an uncursed spellbook of fireball an uncursed potion of booze an uncursed potion of extra healing an uncursed potion of monster detection an uncursed potion of object detection an uncursed potion of polymorph an uncursed potion of see invisible a +0 pick-axe Spells and supernatural/magical abilities: Name Level Category Fail Memory W - pray for help -- divine ? -- Your skills at the end: Miscellaneous Skills bare handed combat [Basic] Weapon Skills axe [Skilled] two-handed sword [Basic] Spellcasting Skills Final Attributes: You were piously aligned. You were poison resistant. You were held by a giant mimic. You are dead. Vanquished creatures: a small mimic a fog cloud 2 shriekers 3 gnome lords 2 gnomish wizards a straw golem 3 giant ants a little dog a kitten 5 dwarves a giant bat 2 coyotes a hobbit a large kobold a gecko a giant rat 2 yellow molds a green mold 18 gnomes 3 garter snakes a gnome zombie 9 jackals a fox 2 kobolds 6 newts 2 goblins a sewer rat 10 grid bugs 2 lichens a kobold zombie 86 creatures vanquished. Voluntary challenges: You did not adorn yourself with jewelry or accessories. You used a wielded weapon 87 times, starting on turn 23. You did not apply a unicorn horn. You were illiterate. You never genocided any monsters. You never polymorphed an object. You never changed form. You used no wishes. You never split a pudding. You never wrote Elbereth's name. You never violated your personal moral code. Dungeon overview: The Dungeons of Doom: levels 1 to 5 Level 1 an altar to Set, some fountains a long staircase Level 2 (locked box) a general store Level 3 a scroll shop, an altar to Set, some fountains Level 4 stairs to The Gnomish Mines Level 5 The Gnomish Mines: levels 5 to 7 Level 5 stairs to The Dungeons of Doom Level 6 Level 7 <- You were here a bookstore, a temple to Set, some fountains History has recorded: On T:1 you entered the Dungeons of Doom to retrieve the Amulet of Yendor! On T:207 you reached level 2 of The Dungeons of Doom. On T:597 you reached level 3 of The Dungeons of Doom. On T:677 you advanced to experience level 2. On T:920 you advanced to experience level 3. On T:1156 you advanced to experience level 4. On T:1307 you reached level 4 of The Dungeons of Doom. On T:1612 you reached level 5 of The Dungeons of Doom. On T:1771 you reached level 1 of The Gnomish Mines. On T:1844 you advanced to experience level 5. On T:1884 you reached level 2 of The Gnomish Mines. On T:2362 you reached level 3 of The Gnomish Mines. On T:2768 you advanced to experience level 6. On T:3028 you entered the Minetown temple Score breakdown: Gold: 353 ( 35 points) Experience: 6 levels ( 500 points) Exploration: 7 levels ( 180 points) Discoveries: 4 items ( 200 points) Variety of kills: 30 monsters ( 1500 points) Major goal: reached Minetown ( 500 points) Survival: died (score multiplied by 3) Total score: 8745 Latest messages: U - an uncursed pair of iron shoes. J - an uncursed pair of iron shoes. a - an uncursed pair of iron shoes. v - an uncursed fortune cookie. g - an uncursed scroll of light. O - a blessed potion of gain level. X - an uncursed platinum wand. You have a little trouble lifting s - an uncursed bag called not holding. You have a little trouble lifting V - a blessed candle. You have a little trouble lifting f - 3 uncursed candles. You have a little trouble lifting d - an uncursed lock pick. You have a little trouble lifting R - an uncursed stethoscope. You have a little trouble lifting y - an uncursed violet gem. You have a little trouble lifting N - 2 uncursed white gems. You have a little trouble lifting H - 2 uncursed yellow gems. You have a little trouble lifting W - an uncursed yellowish brown gem. Your movements are slowed slightly because of your load. Your movements are now unencumbered. You swing your axe in a wide arc. You smite the giant mimic! The giant mimic claws you! (2x) You die... Droichead Atha gratefully inherits all your possessions. Final status: Goodbye woodfighter the Barbarian, killed by a giant mimic... You died in The Gnomish Mines on dungeon level 7 with 8745 points, and 353 pieces of gold, after 3120 moves. You were level 6 with a maximum of 56 hit points when you died.